 Dungeon Crawl Stone Soup version 0.23.2-1-ga50397a (webtiles) character file.

Game seed: 5408243833928631039

198 wilfster70 the Digger (level 5, -7/27 HPs)
             Began as a Gargoyle Earth Elementalist on May 16, 2019.
             Was an Initiate of Hepliaklqana.
             Killed by divine providence
             ... invoked by an orc priest
              (12 damage)
             ... on level 3 of the Dungeon.
             The game lasted 00:07:57 (2671 turns).

wilfster70 the Digger (Gargoyle Earth Elementalist) Turns: 2671, Time: 00:07:58

Health: -7/27      AC:  7    Str: 11    XL:     5   Next: 76%
Magic:  9/9        EV: 12    Int: 17    God:    Hepliaklqana [......]
Gold:   120        SH:  0    Dex: 10    Spells: 6/10 levels left

rFire    . . .     SeeInvis .   a - +1 short sword (venom)
rCold    . . .     Gourm    .   (no shield)
rNeg     + . .     Faith    .   c - +0 robe
rPois    ∞         Spirit   .   (no helmet)
rElec    +         Reflect  .   (no cloak)
rCorr    .         Harm     .   (no gloves)
MR       .....                  p - +0 pair of boots
Stlth    ++........             (no amulet)
HPRegen  0.09/turn              i - ring of poison resistance (curse)
MPRegen  0.11/turn              (no ring)

@: no status effects
A: reduced essence, negative energy resistance 1, electricity resistance,
unbreathing, petrification resistance, rot immunity, AC +4
a: Recall Ancestor, Ancestor Identity, Renounce Religion


You were on level 3 of the Dungeon.
You worshipped Hepliaklqana.
Hepliaklqana was noncommittal.
You were hungry.

You visited 1 branch of the dungeon, and saw 3 of its levels.

You collected 120 gold pieces.

Inventory:

Hand Weapons
 a - a +1 short sword of venom (weapon)
Missiles
 b - 101 stones (quivered)
Armour
 c - a +0 robe (worn)
 e - a +0 shield
 g - a +0 ring mail
 p - a +0 pair of boots (worn)
Jewellery
 i - a cursed ring of poison resistance (left hand)
Scrolls
 h - 3 scrolls of teleportation {unknown}
 k - 3 scrolls of identify {unknown}
 m - a scroll of enchant armour {unknown}
 n - 2 scrolls of remove curse {unknown}
Potions
 f - a potion of lignification {unknown}
 j - a potion of resistance {unknown}
 l - a potion of might {unknown}
 o - 2 potions of ambrosia {unknown}
 q - a potion of brilliance {unknown}
 r - a potion of flight {unknown}
Comestibles
 d - 4 rations


   Skills:
 + Level 2.3 Fighting
 - Level 1.5 Dodging
 - Level 2.1 Stealth
 * Level 3.4 Shields
 + Level 3.0 Spellcasting
   Level 0.7 Transmutations
 + Level 4.7 Earth Magic


You had 6 spell levels left.
You knew the following spells:

 Your Spells              Type           Power        Failure   Level  Hunger
a - Sandblast             Erth           ###...       2%          1    None
b - Stone Arrow           Conj/Erth      ##....       21%         3    ###....

Your spell library contained the following spells:

 Spells                   Type           Power        Failure   Level  Hunger
 Passwall                 Tmut/Erth      ##......     9%          2    ##.....
 Petrify                  Tmut/Erth      ##......     50%         4    ####...
 Lee's Rapid Deconstruct  Erth           ###.......   56%         5    ######.


Dungeon Overview and Level Annotations

Branches:
Dungeon (3/15)

Altars:
Fedhas
Hepliaklqana
Nemelex Xobeh
Qazlal


Innate Abilities, Weirdness & Mutations

You are resistant to torment.
Your stone body is resilient. (AC +4)
You are immune to poison.
You resist negative energy. (rN+)
You are resistant to electric shocks. (rElec)
You can survive without breathing.
You are immune to petrification.
You are immune to rotting.
Your life essence is reduced to manifest your ancestor. (-10% HP)


Message History

Imhotep closely misses the orc wizard.
The orc wizard barely misses you. The orc hits you with a +0 dagger.
You hit the orc wizard but do no damage.
The orc wizard is heavily wounded.
The orc wizard barely misses you.
Imhotep hits the orc wizard.
The orc closely misses you.
The orc priest invokes the aid of Beogh against you.
Beogh smites you!
* * * LOW HITPOINT WARNING * * *
Imhotep hits the orc wizard.
The orc wizard dies!
Your Spellcasting skill increases to level 3!
Imhotep hits the orc.
The orc dies!
The orc priest calls down the wrath of Beogh upon you.
Pain shoots through your body!
* * * LOW HITPOINT WARNING * * *
The orc priest calls down the wrath of Beogh upon you.
Beogh smites you!
You die...

######### ##
#.......# ..
#.#####.# .#
#....<#.# .#
#######@##.#
...........#
........#).#
#########o.#
#†R# #.o#
...# #.##
#.#


You could see the friendly Imhotep the ancestor, an orc priest and an orc.

Vanquished Creatures
  Natasha (twice) (D:2)
  4 adders
  An ooze (D:2)
  2 worms (D:2)
  A dart slug (D:2)
  A leopard gecko (D:1)
  4 giant cockroaches
  6 goblins
  4 hobgoblins
  8 bats
  2 frilled lizards
  2 kobolds
  5 rats (D:1)
42 creatures vanquished.

Vanquished Creatures (collateral kills)
  Natasha (D:2)
  An orc wizard (D:3)
  A worm (D:2)
  A dart slug (D:2)
  An orc (D:3)
  A hobgoblin (D:2)
  A goblin (D:2)
  A rat (D:2)
8 creatures vanquished.

Grand Total: 50 creatures vanquished

Notes
Turn   | Place    | Note
-------+----------+-------------------------------------------
     0 | D:1      | wilfster70 the Gargoyle Earth Elementalist began the quest
                  | for the Orb.
     0 | D:1      | Reached XP level 1. HP: 10/10 MP: 3/3
   447 | D:1      | Reached XP level 2. HP: 6/16 MP: 3/5
   780 | D:1      | Reached skill level 1 in Shields
  1127 | D:1      | Reached skill level 1 in Fighting
  1130 | D:1      | Reached skill level 4 in Earth Magic
  1189 | D:2      | Reached XP level 3. HP: 6/20 MP: 6/6
  1462 | D:2      | Found a blossoming altar of Fedhas.
  1636 | D:2      | Found a hazy altar of Hepliaklqana.
  1637 | D:2      | Found a sparkling altar of Nemelex Xobeh.
  1641 | D:2      | Became a worshipper of Hepliaklqana the Forgotten
  1855 | D:2      | Learned a level 3 spell: Stone Arrow
  1928 | D:2      | Found a stormy altar of Qazlal.
  2016 | D:2      | Reached XP level 4. HP: 22/22 MP: 5/7
  2265 | D:2      | Noticed Natasha
  2276 | D:2      | Killed Natasha
  2308 | D:2      | Noticed Natasha
  2316 | D:2      | Killed Natasha
  2316 | D:2      | Reached XP level 5. HP: 10/27 MP: 9/9
  2349 | D:2      | Noticed Natasha
  2356 | D:2      | Killed Natasha
  2671 | D:3      | Killed from afar by an orc priest

Skill      XL: |  1  2  3  4  5 |
---------------+----------------+-----
Shields        | 1 2 3 |  3.4
Fighting       | 1 2 |  2.3
Earth Magic    | 4 |  4.7
Spellcasting   | 3 |  3.0
Dodging        | |  1.5
Stealth        | |  2.1
Transmutations | |  0.7

Action                   |  1- 3 |  4- 6 || total
-------------------------+-------+-------++-------
Melee: Unarmed           |    13 |       ||    13
       Dagger            |    30 |       ||    30
       Short sword       |    41 |    36 ||    77
 Cast: Sandblast         |    17 |     4 ||    21
Invok: Ancestor Identity |     1 |       ||     1
 Stab: Sleeping          |     1 |       ||     1
       Distracted        |     1 |       ||     1
  Eat: Chunk             |     4 |     1 ||     5
Armor: Robe              |    31 |    10 ||    41
Dodge: Dodged            |    88 |    23 ||   111
